 Dungeon Crawl Stone Soup version 0.29.1-2-gbd0b4ee654 (webtiles) character file.

Game seed: 10300394602651732925

2269 kingsuperguy the Cleaver (level 9, -2/78 HPs)
             Began as a Hill Orc Monk on Nov 18, 2022.
             Slain by a two-headed ogre
             ... wielding a +0 giant club
              (17 damage)
             ... on level 9 of the Dungeon.
             The game lasted 00:20:41 (6966 turns).

kingsuperguy the Cleaver (Hill Orc Monk)            Turns: 6966, Time: 00:20:41

Health: -2/78      AC: 15    Str: 17    XL:     9   Next: 38%
Magic:  9/9        EV:  8    Int: 14    God:
Gold:   318        SH: 14    Dex: 14    Spells: 8/8 levels left

rFire   . . .      SeeInvis .   a - +1 hand axe
rCold   . . .      Faith    .   e - +0 buckler
rNeg    . . .      Spirit   .   f - +0 chain mail
rPois   .          Reflect  +   (helmet restricted)
rElec   .          Harm     .   (no cloak)
rCorr   .          Rampage  .   s - +0 pair of gloves
Will    .....                   (no boots)
Stlth   ..........              k - amulet of reflection
HPRegen 0.23/turn               C - +4 ring of protection
MPRegen 0.11/turn               (no ring)

@: no status effects
A: horns 1, large bone plates 1, thin skeletal structure 1, clever 1, noise
suppression
a: no special abilities


You were on level 9 of the Dungeon.
You visited 1 branch of the dungeon, and saw 9 of its levels.
You also visited: Ossuary.

You collected 318 gold pieces.

Inventory:

Hand Weapons
 a - a +1 hand axe (weapon)
 v - a +1 shortbow of freezing
 G - a +6 whip
Missiles
 g - 19 poisoned darts (quivered)
 A - 9 boomerangs
 H - 2 throwing nets
Armour
 b - a +0 robe
 e - a +0 buckler (worn)
 f - a +0 chain mail (worn)
 s - a +0 pair of gloves (worn)
Jewellery
 k - an amulet of reflection (around neck)
 y - a ring of protection from cold
 B - a +6 ring of intelligence
 C - a +4 ring of protection (left hand)
Wands
 w - a wand of paralysis (9)
Scrolls
 h - 3 scrolls of enchant armour
 l - a scroll of fog
 u - a scroll of teleportation
 D - 2 scrolls of vulnerability {unknown}
 E - a scroll of noise {unknown}
Potions
 c - 2 potions of ambrosia
 d - 4 potions of lignification
 i - 3 potions of flight
 j - 3 potions of magic
 m - 2 potions of degeneration
 n - 2 potions of attraction {unknown}
 o - 3 potions of curing
 p - 2 potions of heal wounds
 q - a potion of resistance {unknown}
 r - a potion of cancellation
 t - 2 potions of mutation
 z - a potion of berserk rage {unknown}
 F - a potion of invisibility {unknown}


   Skills:
 + Level 6.7 Fighting
 + Level 10.5 Axes
 + Level 0.5 Throwing
 + Level 5.3 Armour
 + Level 3.7 Dodging
 + Level 1.7 Stealth
 + Level 5.9 Shields


You had 8 spell levels left.
You didn't know any spells.
Your spell library contained the following spells:

 Spells                   Type           Power      Damage    Failure   Level
 Magic Dart               Conj           0%         1d3       99%         1
 Blink                    Tloc           0%         N/A       100%        2
 Searing Ray              Conj           0%         2d4       100%        2
 Call Canine Familiar     Summ           0%         N/A       100%        3
 Lesser Beckoning         Tloc           0%         N/A       100%        3
 Portal Projectile        Hex/Tloc       0%         N/A       100%        3
 Fulminant Prism          Conj/Hex       0%         3d6       100%        4
 Leda's Liquefaction      Hex/Erth       0%         N/A       100%        4
 Manifold Assault         Tloc           0%         N/A       100%        5


Dungeon Overview and Level Annotations

Branches:
Dungeon (9/15)             Temple (0/1) D:5         Ossuary (visited)
   Lair: D:8-11         Orc: D:9-12

Altars:
Qazlal
Xom

Shops:
D:1 *   D:4 *   D:5 *   D:6 =*![

Annotations:
D:7 2 transporters


Innate Abilities, Weirdness & Mutations

You have a pair of small horns on your head.
You are partially covered in large bone plates. (SH +4)
You have a somewhat thin skeletal structure. (Dex +2, Stealth+)
Your mind is acute. (Int +4, Str/Dex -1)
You passively dampen the noise of your surroundings.


Message History

You hit the kobold brigand but do no damage.
The kobold brigand is severely wounded.
The kobold brigand hits you but does no damage.
You hit the kobold brigand.
The kobold brigand is almost dead.
The kobold brigand hits you but does no damage.
You slash the kobold brigand!
You kill the kobold brigand!
You slash the kobold!
You kill the kobold!
You hit the two-headed ogre.
You headbutt the two-headed ogre, but do no damage.
The two-headed ogre is lightly wounded.
You block the two-headed ogre's attack.
The two-headed ogre hits you with a +0 giant club.
You hit the two-headed ogre but do no damage.
The two-headed ogre is lightly wounded.
You barely miss the two-headed ogre. You headbutt the two-headed ogre.
The two-headed ogre is lightly wounded.
The two-headed ogre barely misses you. You block the two-headed ogre's attack.
You hit the two-headed ogre.
The two-headed ogre is lightly wounded.
You slash the two-headed ogre!
The two-headed ogre is moderately wounded.
The two-headed ogre hits you with a +0 giant club!!
The two-headed ogre hits you with a +0 giant club!
Aiming: Paralyse
Press: ? - help, Q - select action, (/) - cycle Shift-Dir - straight line, f - two-headed ogre
Aim: a two-headed ogre, wielding two +0 giant clubs (moderately wounded, chance to affect: 31%)
The two-headed ogre easily resists.
Aiming: Paralyse
Press: ? - help, Q - select action, (/) - cycle Shift-Dir - straight line, f/p - two-headed ogre
Aim: a two-headed ogre, wielding two +0 giant clubs (moderately wounded, chance to affect: 31%)
The two-headed ogre easily resists.
The two-headed ogre barely misses you. You block the two-headed ogre's attack.
The two-headed ogre attacks as you move away!
The two-headed ogre hits you with a +0 giant club!
* * * LOW HITPOINT WARNING * * *
The two-headed ogre hits you with a +0 giant club!
You die...

... ##.# . .. #..#
K .. ...# ##. .# #
#.## .K .# .# #.#
##.# .###... #)#
#.. ......# #)#
#.######...# #)#
###)K.K.O@.#
#.######...########
#......))..#
#..###..####
...###.## #......#
#..##### ...# ...#


You could see a two-headed ogre and 2 kobolds.

Vanquished Creatures
  A hornet (D:7)
  A wyvern (D:7)
  2 water moccasins
  2 black bears
  A sky beast (D:6)
  2 ogres
  A phantom (D:6)
  3 kobold brigands
  2 bullfrogs
  An elf zombie (Ossuary)
  A necrophage (D:7)
  A scorpion (D:5)
  A wight (D:5)
  3 centaur zombies (Ossuary)
  3 jellies
  A gnoll bouda (D:5)
  4 hounds
  An orc priest (D:5)
  An iguana (D:5)
  2 orc wizards
  2 mummies (Ossuary)
  Robin (D:2)
  8 adders
  A shadow imp (D:6)
  A white imp (D:5)
  2 worms (D:2)
  3 dart slugs
  10 orcs
  8 ball pythons
  2 endoplasms
  10 goblins
  4 hobgoblins
  3 jackals (D:5)
  13 kobolds
  A quokka (D:1)
  4 bats
  3 frilled lizards
  2 goblin zombies (Ossuary)
  7 hobgoblin zombies (Ossuary)
  2 jackal zombies (Ossuary)
  10 kobold zombies (Ossuary)
  9 orc zombies (Ossuary)
  3 rats
  2 rat zombies (Ossuary)
145 creatures vanquished.

Notes
Turn   | Place    | Note
-------+----------+-------------------------------------------
     0 | D:1      | kingsuperguy the Hill Orc Monk began the quest for the Orb.
     0 | D:1      | Reached XP level 1. HP: 19/19 MP: 1/1
   316 | D:1      | Reached XP level 2. HP: 24/27 MP: 2/2
   701 | D:1      | Found a faded altar of an unknown god.
   734 | D:1      | Found Raisod's Assorted Antiques.
  1025 | D:2      | Reached XP level 3. HP: 20/33 MP: 3/3
  1032 | D:2      | Gained mutation: Your mind is acute. (Int +4, Str/Dex -1)
                  | [potion of mutation]
  1032 | D:2      | Gained mutation: You passively dampen the noise of your
                  | surroundings. [potion of mutation]
  1032 | D:2      | Gained mutation: You have a somewhat thin skeletal
                  | structure. (Dex +2, Stealth+) [potion of mutation]
  1032 | D:2      | Gained mutation: You have hidden genetic potential. [potion
                  | of mutation]
  1442 | D:2      | Noticed Robin
  1463 | D:2      | Killed Robin
  1464 | D:2      | Reached skill level 1 in Armour
  1464 | D:2      | Reached XP level 4. HP: 33/40 MP: 4/4
  1721 | D:2      | Gained mutation: You have a pair of small horns on your
                  | head. [hidden potential]
  2250 | D:4      | Noticed a necrophage
  2252 | D:4      | Found Utzig's Neck Hole.
  2271 | D:4      | Noticed a phantom
  2285 | D:4      | Noticed a necrophage
  2300 | D:5      | Entered Level 5 of the Dungeon
  2300 | D:5      | Noticed a water moccasin
  2330 | D:5      | Reached skill level 5 in Axes
  2330 | D:5      | Reached skill level 1 in Shields
  2473 | D:5      | Reached XP level 5. HP: 39/47 MP: 5/5
  2485 | D:5      | Gained mutation: You are partially covered in large bone
                  | plates. (SH +4) [hidden potential]
  2485 | D:5      | Lost mutation: You have hidden genetic potential. [hidden
                  | potential expressed]
  2601 | D:5      | Found Limmom's Mayhem Merchandise.
  2612 | D:5      | Found a sand-covered staircase.
  2616 | Ossuary  | Entered an ossuary
  2780 | Ossuary  | Reached skill level 6 in Axes
  2780 | Ossuary  | Reached XP level 6. HP: 28/53 MP: 6/6
  3142 | D:5      | Reached skill level 5 in Fighting
  3142 | D:5      | Reached skill level 7 in Axes
  3153 | D:4      | Reached XP level 7. HP: 55/61 MP: 7/7
  3705 | D:5      | Found a staircase to the Ecumenical Temple.
  3785 | D:5      | Reached skill level 8 in Axes
  4160 | D:5      | Reached XP level 8. HP: 56/69 MP: 8/8
  4392 | D:6      | Reached skill level 9 in Axes
  4405 | D:6      | Found Fietaug's Distillery.
  4483 | D:6      | Found Vumevvim's Armour Emporium.
  4537 | D:6      | Found Wargh's Assorted Antiques.
  4917 | D:6      | Reached skill level 5 in Shields
  5082 | D:6      | Found Aka Zuh's Jewellery Shoppe.
  5343 | D:7      | Noticed a two-headed ogre
  5344 | D:7      | Noticed a green ugly thing
  5345 | D:7      | Noticed a komodo dragon
  5385 | D:7      | Found a stormy altar of Qazlal.
  5412 | D:7      | Noticed a hornet
  5435 | D:7      | Killed a hornet
  5436 | D:7      | Reached XP level 9. HP: 47/75 MP: 9/9
  5704 | D:7      | Reached skill level 10 in Axes
  5704 | D:7      | Reached skill level 5 in Armour
  6021 | D:7      | Found a shimmering altar of Xom.
  6124 | D:7      | Found a transporter.
  6154 | D:7      | Found a transporter.
  6932 | D:9      | Noticed a two-headed ogre
  6966 | D:9      | Slain by a two-headed ogre

Illustrated notes

Levels and vault maps discovered:
D:1:      dpeg_arrival_ternary, layout_loops_ring,
          shapermc_ecumenical_altar_acropolis, serial_shops,
          nicolae_shop_competitors_out_of_business
D:2:      layout_loops_corners, dk_noncrumbling_2,
          minmay_randomly_rotated_circles, uniq_robin
D:3:      layout_rooms, mainiacjoe_overflow_large_starburst,
          hangedman_abyss_or_decor_stabs
D:4:      layout_cave_pools, nicolae_uskayaw_en_pointe,
          mainiacjoe_overflow_alcove_3, nicolae_shop_sticking_my_neck_out
D:5:      minmay_clustersquares, layout_loops_ring, minmay_temple_entry_slanted,
          lightli_ossuary_entry_decrepit_ruins, minmay_shop_mayhem
D:6:      layout_cave_pools, serial_shops, shop, shop_fountains,
          kennysheep_mini_moat, shop, kennysheep_small_spiral, st_stairs_13
D:7:      gammafunk_the_bubble [the_bubble_gammafunk_plus_minus], layout_basic,
          nicolae_overflow_crystal_walls, grunt_qazlal_clouds
D:8:      layout_loops_ring, erik_lair_orcish_takeover,
          kennysheep_generic_room_2, uniq_prince_ribbit1
D:9:      layout_rooms, zin_statuary, gammafunk_ghost_necromancy, uniq_harold

Skill      XL: |  1  2  3  4  5  6  7  8  9 |
---------------+----------------------------+-----
Dodging        | 3 |  3.7
Fighting       | 4 5 6 |  6.7
Armour         | 1 2 3 4 5 |  5.3
Axes           | 5 6 7 8 9 10 | 10.5
Shields        | 1 2 3 5 |  5.9
Throwing       | |  0.5
Stealth        | |  1.7

Action                   |  1- 3 |  4- 6 |  7- 9 || total
-------------------------+-------+-------+-------++-------
Melee: Hand axe          |    89 |   198 |   301 ||   588
       Headbutt          |       |    44 |    66 ||   110
Throw: Dart              |       |       |     3 ||     3
Evoke: Wand              |       |       |     2 ||     2
  Use: Potion            |     2 |     1 |     2 ||     5
       Scroll            |       |     5 |    10 ||    15
 Stab: Sleeping          |     1 |       |       ||     1
Armor: Chain mail        |    41 |   111 |   106 ||   258
Dodge: Dodged            |    26 |    56 |    51 ||   133
Block: Buckler           |    40 |   149 |   168 ||   357
       Reflection        |     1 |     1 |     4 ||     6
